 Dungeon Crawl Stone Soup version 0.29.0-4-gdea44cf6ec (webtiles) character file.

Game seed: 3337059595033447925

37 qw the Chopper (level 3, 0/21 HPs)
             Began as a Tengu Warper on Aug 28, 2022.
             Was an Initiate of Okawaru.
             Slain by a worm (6 damage)
             ... on level 2 of the Dungeon.
             The game lasted 00:00:08 (1722 turns).

qw the Chopper (Tengu Warper)                       Turns: 1722, Time: 00:00:09

Health: 0/21       AC:  3    Str: 13    XL:     3   Next: 41%
Magic:  7/7        EV: 12    Int: 13    God:    Okawaru [......]
Gold:   125        SH:  0    Dex: 13    Spells: 6/6 levels left

rFire   . . .      SeeInvis .   Y - +0 hand axe
rCold   . . .      Faith    .   (no shield)
rNeg    . . .      Spirit   .   b - +0 leather armour
rPois   .          Reflect  .   (helmet restricted)
rElec   .          Harm     .   (no cloak)
rCorr   .          Rampage  .   (no gloves)
Will    .....                   (boots unavailable)
Stlth   +.........              (no amulet)
HPRegen 0.07/turn               (no ring)
MPRegen 0.10/turn               (no ring)

@: no status effects
A: beak, talons 3
a: Renounce Religion


You were on level 2 of the Dungeon.
You worshipped Okawaru.
Okawaru was noncommittal.
You visited 1 branch of the dungeon, and saw 2 of its levels.

You collected 125 gold pieces.


Innate Abilities, Weirdness & Mutations

You have a beak for a mouth.
You have claws for feet.


   Skills:
 - Level 2.0 Fighting
 + Level 4.1 Axes
 - Level 1.0 Throwing
 - Level 1.1 Armour
 - Level 2.1 Dodging
 - Level 2.0 Spellcasting
 - Level 2.4 Translocations


You had 6 spell levels left.
You didn't know any spells.
Your spell library contained the following spells:

 Spells                   Type           Power      Damage    Failure   Level
 Blink                    Tloc           14%        N/A       19%         2
 Gell's Gravitas          Tloc           7%         N/A       36%         3
 Lesser Beckoning         Tloc           7%         N/A       36%         3
 Teleport Other           Tloc           7%         N/A       36%         3
 Manifold Assault         Tloc           7%         N/A       98%         5

Inventory:

Hand Weapons
 m - a +0 whip
 Y - a +0 hand axe (weapon)
Armour
 b - a +0 leather armour (worn)
 g - a +0 ring mail
 n - a +0 chain mail
Scrolls
 a - a scroll of enchant weapon {unknown}
 c - a scroll of teleportation {unknown}
 h - a scroll of acquirement {unknown}
 j - 4 scrolls of identify
 l - a scroll of amnesia {unknown}
Potions
 d - a potion of curing
 e - a potion of cancellation {unknown}
 f - a potion of brilliance {unknown}
 i - a potion of invisibility {unknown}
 k - 2 potions of heal wounds {unknown}

Dungeon Overview and Level Annotations

Branches:
Dungeon (2/15)

Altars:
Okawaru


Message History

You hit the jackal. Your kick misses the jackal.
You peck the jackal, but do no damage.
The jackal is moderately wounded.
The jackal barely misses you. The jackal misses you.
You barely miss the jackal. Your kick misses the jackal.
Your peck misses the jackal.
The jackal is moderately wounded.
The jackal closely misses you.
A worm comes into view.
You hit the jackal.
The jackal is heavily wounded.
The jackal bites you but does no damage.
The jackal closely misses you.
You closely miss the jackal.
The jackal is heavily wounded.
The jackal closely misses you.
You closely miss the jackal. Your peck misses the jackal.
The jackal is heavily wounded.
The jackal bites you but does no damage. x2
You hit the jackal.
You kill the jackal!
Okawaru accepts your kill.
You barely miss the jackal. The jackal barely misses you.
You barely miss the jackal. Your peck misses the jackal. The jackal bites you.
The jackal completely misses you.
You hit the jackal. Your kick misses the jackal.
The jackal is severely wounded.
The jackal bites you.
You hit the jackal.
You kill the jackal!
Okawaru accepts your kill.
You hit the worm. You completely miss the worm.
The worm is lightly wounded.
The worm bites you!
You hit the worm.
The worm is heavily wounded.
The worm bites you.
You die...

####...............########......
+...............# #....###
#............##.# #....#
#######......##'#######....###
###.##.................#
+......##.................#
#########.................#
#...........<.....#
#w@...............#
......%##'##..)......>.#
......w+..##...........#
.......#####...........# .......
#..........(# .......
#........)..# .......
#...........# .......
#......(..... ######.###...


You could see 2 worms.

Vanquished Creatures
  A worm (D:2)
  3 dart slugs
  4 ball pythons
  A bat (D:1)
  An endoplasm (D:1)
  A giant cockroach (D:1)
  A hobgoblin (D:1)
  2 jackals (D:2)
  A quokka (D:1)
  A frilled lizard (D:2)
  5 goblins
  3 kobolds
  5 rats (D:1)
29 creatures vanquished.

Notes
Turn   | Place    | Note
-------+----------+-------------------------------------------
     0 | D:1      | qw the Tengu Warper began the quest for the Orb.
     0 | D:1      | Reached XP level 1. HP: 12/12 MP: 4/4
     0 | D:1      | 0 ||| qw: Version: 0.1-a-89-g26bdef1
     0 | D:1      | 0 ||| qw: Game counter: 3413
     0 | D:1      | 0 ||| qw: Always use a shield: true
     0 | D:1      | 0 ||| qw: God list: Okawaru
     0 | D:1      | 0 ||| qw: Allow faded altars: false
     0 | D:1      | 0 ||| qw: Do Orc after D:15 true
     0 | D:1      | 0 ||| qw: Do second Lair branch before Depths: true
     0 | D:1      | 0 ||| qw: Lair rune preference: random
     0 | D:1      | 0 ||| qw: Plans: Normal
     0 | D:1      | 0 ||| PLANNING D:1-11
   279 | D:1      | 279 ||| Stepping ~*~*~tactically~*~*~ (stealth).
   293 | D:1      | Reached XP level 2. HP: 16/17 MP: 6/6
   340 | D:1      | Reached skill level 3 in Axes
   472 | D:1      | Found a faded altar of an unknown god.
   917 | D:1      | 917 ||| READING 2 scrolls labelled CAKUMAQ XAOROK.
   918 | D:1      | 918 ||| READING 2 scrolls labelled WICWYIDW DOMYD.
   919 | D:1      | 919 ||| DRINKING 2 murky sapphire potions.
   920 | D:1      | 920 ||| DROPPING scroll of fog.
   921 | D:1      | 921 ||| DROPPING scroll of blinking.
  1118 | D:2      | Found an iron altar of Okawaru.
  1125 | D:2      | Became a worshipper of Warmaster Okawaru
  1176 | D:2      | Reached XP level 3. HP: 21/21 MP: 7/7
  1382 | D:2      | Reached skill level 4 in Axes
  1463 | D:2      | 1463 ||| DROPPING +0 club.
  1580 | D:2      | 1580 ||| Stepping ~*~*~tactically~*~*~ (hiding).
  1722 | D:2      | Slain by a worm

Levels and vault maps discovered:
D:1:      spicycebolla_arrival_clurvy, layout_basic,
          shapermc_ecumenical_altar_ellora
D:2:      layout_basic, basic_altar

Skill      XL: |  1  2  3 |
---------------+----------+-----
Axes           | 3 4 |  4.1
Fighting       | |  2.0
Throwing       | |  1.0
Armour         | |  1.1
Dodging        | |  2.1
Spellcasting   | |  2.0
Translocations | |  2.4

Action                   || total
-------------------------++-------
Melee: Hand axe          ||    61
       Kick              ||    14
       Peck              ||     9
Throw: Boomerang         ||     7
  Use: Scroll            ||     2
       Potion            ||     1
 Stab: Sleeping          ||     1
Armor: Leather armour    ||    10
Dodge: Dodged            ||    29

Table legend:
 A = Non-vault XP
 B = Vault XP
 C = Vault XP percentage of total XP
 D = Non-vault monster count
 E = Vault monster count
 F = Vault count percentage of total count
                 A         B        C        D         E       F
            +---------+---------+-------+---------+---------+-------
      Total |      54 |       0 |   0.0 |      29 |       0 |   0.0
            +---------+---------+-------+---------+---------+-------
        D:1 |      27 |       0 |   0.0 |      16 |       0 |   0.0
        D:2 |      27 |       0 |   0.0 |      13 |       0 |   0.0
            +---------+---------+-------+---------+---------+-------
